 Dungeon Crawl Stone Soup version 0.30-a0-800-g7c544603b3 (webtiles) character file.

Game seed: 4623904073999107775

232 sircluck the Chopper (level 6, 0/55 HPs)
             Began as a Hill Orc Monk on Feb 22, 2023.
             Slain by a gnoll
             ... wielding a +0 halberd
              (5 damage)
             ... on level 3 of the Dungeon.
             The game lasted 00:03:16 (2977 turns).

sircluck the Chopper (Hill Orc Monk)                Turns: 2977, Time: 00:03:17

Health: 0/55       AC:  2    Str: 14 (16) XL:     6   Next: 4%
Magic:  6/6        EV: 12    Int: 10      God:
Gold:   115        SH:  0    Dex: 11 (13) Spells: 5/5 levels left

rFire   . . .      SeeInvis .    a - +0 hand axe
rCold   . . .      Faith    .    (no shield)
rNeg    . . .      Spirit   .    b - +0 robe
rPois   .          Reflect  .    (no helmet)
rElec   .          Harm     .    (no cloak)
rCorr   .          Rampage  .    (no gloves)
Will    .....                    (no boots)
Stlth   ++                       (no amulet)
HPRegen 0.29/turn                (no ring)
MPRegen 0.10/turn                (no ring)

@: no status effects
A: deterioration 1, mutation resistance 1
a: no special abilities


You were on level 3 of the Dungeon.
You visited 1 branch of the dungeon, and saw 3 of its levels.

You collected 115 gold pieces.

Inventory:

Hand Weapons
 a - a +0 hand axe (weapon)
 l - a +0 scythe
Armour
 b - a +0 robe (worn)
 d - a +0 pair of boots
 k - a +0 buckler
 m - a +0 robe
Scrolls
 e - a scroll of teleportation
 g - a scroll of brand weapon {unknown}
 h - a scroll of fear {unknown}
 i - 2 scrolls of amnesia {unknown}
Potions
 f - 2 potions of heal wounds {unknown}
 j - a potion of attraction {unknown}
 o - a potion of lignification {unknown}


   Skills:
 + Level 4.8 Fighting
 + Level 6.1 Axes
 + Level 3.3 Dodging
 + Level 2.7 Stealth


You had 5 spell levels left.
You didn't know any spells.
Your spell library was empty.

Dungeon Overview and Level Annotations

Branches:
Dungeon (3/15)

Altars:

Annotations:
D:3 1 runed translucent door


Innate Abilities, Weirdness & Mutations

Your body sometimes deteriorates upon taking damage.
You are somewhat resistant to further mutation.


Message History

You are too injured to fight recklessly!
You are too injured to fight recklessly!
You are too injured to fight recklessly!
You are too injured to fight recklessly!
You are too injured to fight recklessly!
You are too injured to fight recklessly!
You are too injured to fight recklessly!
You are too injured to fight recklessly!
You are too injured to fight recklessly!
You are too injured to fight recklessly!
You are too injured to fight recklessly!
You hit the gnoll.
The gnoll is moderately wounded.
You barely miss the gnoll. The gnoll hits you with a +0 spear!
* * * LOW HITPOINT WARNING * * *
The gnoll hits you but does no damage.
The gnoll hits you from afar with a +0 halberd!
* * * LOW HITPOINT WARNING * * *
The gnoll barely misses you.
You are confused.
You feel invigorated. The gnoll barely misses you. The gnoll misses you.
The gnoll attacks as you move away! The gnoll barely misses you.
Things that are here:
a +0 flail; a gnoll corpse You feel less invigorated.
You feel less confused. The gnoll barely misses you.
You see here a poisoned dart.
The gnoll closely misses you.
You see here a poisoned dart.
The gnoll misses you. The gnoll closely misses you.
The gnoll hits you from afar with a +0 spear!
* * * LOW HITPOINT WARNING * * *
You barely miss the gnoll.
The gnoll hits you from afar with a +0 spear!
* * * LOW HITPOINT WARNING * * *
Your body deteriorates!
You feel weakened. The gnoll hits you with a +0 halberd.
You die...

#..# ...#
#### #..#
...#
#....##..#
...# #.....#
...#
####).##...#
#g..g...#
#g###...#
#(#.....#.
#.@g......
###.....$[#
.#.#.#.#
.#.#.###
.#.#.# .# .#
.#


You could see 3 gnolls.

Vanquished Creatures
  Sigmund (D:2)
  A gnoll (D:3)
  3 adders
  A worm (D:2)
  2 dart slugs (D:1)
  A giant cockroach (D:2)
  4 goblins
  3 hobgoblins (D:2)
  4 jackals
  2 kobolds
  3 quokkas (D:1)
  3 ball pythons (D:1)
  5 bats
  2 frilled lizards
  5 rats
40 creatures vanquished.

Notes
Turn   | Place    | Note
-------+----------+-------------------------------------------
     0 | D:1      | sircluck the Hill Orc Monk began the quest for the Orb.
     0 | D:1      | Reached XP level 1. HP: 19/19 MP: 1/1
   343 | D:1      | Reached XP level 2. HP: 14/27 MP: 2/2
  1355 | D:2      | Reached XP level 3. HP: 25/33 MP: 3/3
  1772 | D:2      | Gained mutation: Your body sometimes deteriorates upon
                  | taking damage. [potion of mutation]
  1772 | D:2      | Gained mutation: You are somewhat resistant to further
                  | mutation. [potion of mutation]
  2093 | D:2      | Reached XP level 4. HP: 41/41 MP: 4/4
  2110 | D:2      | Noticed Sigmund
  2132 | D:2      | Killed Sigmund
  2133 | D:2      | Reached skill level 5 in Axes
  2133 | D:2      | Reached XP level 5. HP: 39/47 MP: 5/5
  2334 | D:2      | Reached skill level 6 in Axes
  2868 | D:3      | Found a runed translucent door.
  2889 | D:3      | Reached XP level 6. HP: 34/55 MP: 6/6
  2977 | D:3      | Slain by a gnoll

Illustrated notes

Levels and vault maps discovered:
D:1:      mrwooster_arrival_statue_2, layout_basic
D:2:      layout_loops_corners, hangedman_decor_opposing, uniq_sigmund
D:3:      minmay_razor_zed, layout_basic, ebering_ghost_reflecting_pool,
          kennysheep_potato, uniq_grinder

Skill      XL: |  1  2  3  4  5 |
---------------+----------------+-----
Fighting       | 4 |  4.8
Stealth        | 2 |  2.7
Axes           | 5 6 |  6.1
Dodging        | 3 |  3.3

Action                     |  1- 3 |  4- 6 || total
---------------------------+-------+-------++-------
  Melee: Hand axe          |   132 |    45 ||   177
         Punch             |     1 |       ||     1
  Throw: Stone             |       |    14 ||    14
         Dart              |       |     4 ||     4
    Use: Scroll            |     1 |       ||     1
         Potion            |     2 |     1 ||     3
   Stab: Sleeping          |     8 |     2 ||    10
 Armour: Robe              |    19 |     3 ||    22
  Dodge: Dodged            |    88 |    40 ||   128

Table legend: (Time is in decaauts)
 A = Elapsed time spent in this place.
 B = Non-inter-level travel time spent in this place.
 C = Inter-level travel time spent in this place.
 D = Time resting spent in this place.
 E = Time spent auto-exploring this place.
 F = Levels seen in this place.
 G = Mean time per level.
                   A        B        C        D        E       F      G
               +--------+--------+--------+--------+--------+-----+--------+
         Total |   2990 |   2642 |    348 |     96 |   2161 |   3 |  996.7 |
       Dungeon |   2990 |   2642 |    348 |     96 |   2161 |   3 |  996.7 |
               +--------+--------+--------+--------+--------+-----+--------+

Top non-repeatable levels by time:
     D:1: 1328 daAuts
     D:2: 1281 daAuts
     D:3: 379 daAuts
